 Dungeon Crawl Stone Soup version 0.29-a0-617-g7a6b98fccd (webtiles) character file.

Game seed: 10087449220515637313

146 jifgo the Conjurer (level 4, 0/36 HPs)
             Began as a Demigod Conjurer on June 18, 2022.
             Succumbed to a scorpion's poison
             ... on level 3 of the Dungeon.
             The game lasted 00:04:59 (2899 turns).

jifgo the Conjurer (Demigod Conjurer)               Turns: 2899, Time: 00:05:00

Health: 0/36       AC:  4    Str:  8    XL:     4   Next: 79%
Magic:  1/11       EV: 20    Int: 24    God:
Gold:   33         SH:  0    Dex: 12    Spells: 1/8 levels left

rFire   . . .      SeeInvis .   k - +0 dagger
rCold   . . .      Faith    .   (no shield)
rNeg    . . .      Spirit   .   a - +0 robe
rPois   .          Reflect  .   q - +0 helmet
rElec   .          Harm     .   (no cloak)
rCorr   .          Rampage  .   (no gloves)
Will    .....                   m - +0 pair of boots {Stlth+}
Stlth   +++.......              (no amulet)
HPRegen 0.12/turn               l - +4 ring of evasion
MPRegen 0.12/turn               i - +4 ring of evasion

@: mighty, lethally poisoned (0 -> -9)
A: high MP 1, forlorn, divine attributes
a: no special abilities


You were on level 3 of the Dungeon.
You visited 1 branch of the dungeon, and saw 4 of its levels.

You collected 154 gold pieces.
You spent 121 gold pieces at shops.

Inventory:

Hand Weapons
 k - a +0 dagger (weapon)
Armour
 a - a +0 robe (worn)
 m - a +0 pair of boots of stealth (worn)
 q - a +0 helmet (worn)
 t - an orb of wrath
Jewellery
 c - a ring of positive energy
 i - a +4 ring of evasion (right hand)
 l - a +4 ring of evasion (left hand)
Scrolls
 d - a scroll of teleportation {unknown}
 e - 3 scrolls of magic mapping {unknown}
 f - 3 scrolls of identify {unknown}
 g - 2 scrolls of noise {unknown}
 j - a scroll of torment {unknown}
 n - 4 scrolls of blinking {unknown}
 s - a scroll of enchant weapon {unknown}
 y - a scroll of fear {unknown}
Potions
 b - a potion of magic
 h - a potion of ambrosia {unknown}
 o - 3 potions of attraction
 p - a potion of degeneration {unknown}
 r - a potion of invisibility {unknown}
 v - a potion of heal wounds


   Skills:
 + Level 2.2 Fighting
 - Level 1.7 Dodging
 - Level 1.7 Stealth
 + Level 2.9 Spellcasting
 + Level 4.4 Conjurations


You had one spell level left.
You knew the following spells:

 Your Spells              Type           Power      Damage    Failure   Level
a - Searing Ray           Conj           50%        2d6       2%          2
b - Fulminant Prism       Conj/Hex       7%         3d7       41%         4
x - Magic Dart            Conj           100%       1d8       1%          1

Your spell library contained the following spells:

 Spells                   Type           Power      Damage    Failure   Level
 Dazzling Flash           Conj/Hex       28%        N/A       13%         3
 Portal Projectile        Hex/Tloc       6%         N/A       32%         3
 Tukima's Dance           Hex            3%         N/A       32%         3
 Iskenderun's Mystic Bla  Conj/Tloc      14%        2d5       41%         4
 Blade Hands              Tmut           1%         N/A       97%         5


Dungeon Overview and Level Annotations

Branches:
Dungeon (4/15)
 Temple: D:4-7

Shops:
D:3 !![

Annotations:
D:4 Eustachio


Innate Abilities, Weirdness & Mutations

You have an increased reservoir of magic. (+10% MP)
You shall have no god before yourself.
Your divine heritage dramatically boosts your attributes as you level up.


Message History

* * * LOW HITPOINT WARNING * * *
You feel better. The scorpion closely misses you.
Unknown command.
Aiming: Bolt of Light
Press: ? - help, Shift-Dir - straight line, f/p - scorpion
Aim: a scorpion (moderately wounded, 71% to hit)
The bolt of light misses the scorpion.
The now-empty wand crumbles to dust.
The scorpion stings you.
* * * LOW HITPOINT WARNING * * *
You are poisoned.
The scorpion poisons you!
Unknown command.
It was a potion of might.
You feel very mighty all of a sudden.
You feel sick.
The scorpion stings you but does no damage.
You closely miss the scorpion.
The scorpion is moderately wounded.
You feel sick.
The scorpion stings you but does no damage.
You hit the scorpion.
The scorpion is heavily wounded.
You feel sick. The scorpion stings you.
* * * LOW HITPOINT WARNING * * *
The scorpion stings you.
* * * LOW HITPOINT WARNING * * *
You are lethally poisoned!
The scorpion poisons you!
You hit the scorpion.
The scorpion is almost dead.
* * * LOW HITPOINT WARNING * * *
You feel very sick. The scorpion closely misses you.
You hit the scorpion.
The scorpion is almost dead.
* * * LOW HITPOINT WARNING * * *
You feel sick. The scorpion misses you.
You closely miss the scorpion.
The scorpion is almost dead.
You die...

#.### #....#.<......###...
#..# #....[.....##....... ##.#
##.....#.....####...
###.######.............##...
#.......÷..##.#.............
###.#.....#####........#......
#..∩...##.######.......#......
#.#.#####.##............##....
#.#..####.##.@s....##.#..<....
#..........#.......##.........
##########>..).........####.##
##..÷...........##.##
######......##...........
#.......#...##.......#...
#####..................##
###....####.........# #.#..#
#.....###)[


You could see a scorpion.

Vanquished Creatures
  Jessica (D:3)
  Robin (D:2)
  4 adders
  A dart slug (D:1)
  An orc (D:3)
  5 bats
  5 endoplasms
  3 giant cockroaches
  14 goblins
  8 hobgoblins
  A quokka (D:1)
  7 ball pythons
  2 frilled lizards (D:2)
  8 kobolds
  6 rats
67 creatures vanquished.

Vanquished Creatures (others)
  5 plants (D:1)
5 creatures vanquished.

Grand Total: 72 creatures vanquished

Notes
Turn   | Place    | Note
-------+----------+-------------------------------------------
     0 | D:1      | jifgo the Demigod Conjurer began the quest for the Orb.
     0 | D:1      | Reached XP level 1. HP: 14/14 MP: 5/5
   342 | D:1      | Reached XP level 2. HP: 22/22 MP: 1/7
   565 | D:1      | Reached skill level 1 in Fighting
  1144 | D:2      | Learned a level 2 spell: Searing Ray
  1270 | D:2      | Reached skill level 4 in Conjurations
  1321 | D:2      | Noticed Robin
  1325 | D:2      | Reached XP level 3. HP: 25/28 MP: 2/9
  1340 | D:2      | Killed Robin
  2271 | D:3      | Noticed Jessica
  2274 | D:3      | Killed Jessica
  2275 | D:3      | Reached XP level 4. HP: 36/36 MP: 6/10
  2489 | D:3      | Found Pem Vath's Distillery.
  2495 | D:3      | Bought a potion of attraction for 33 gold pieces
  2495 | D:3      | Bought a potion of heal wounds for 55 gold pieces
  2495 | D:3      | Bought a potion of curing for 33 gold pieces
  2590 | D:3      | Found Yssat's Armour Shoppe.
  2673 | D:3      | Found Hiusm's Distillery.
  2869 | D:3      | Learned a level 4 spell: Fulminant Prism
  2873 | D:4      | Noticed Eustachio
  2899 | D:3      | Succumbed to a scorpion's poison

Illustrated notes

Levels and vault maps discovered:
D:1:      lemuel_arrival_lava_pool, layout_loops_ring, serial_bayou_lake_a
D:2:      layout_basic, basic_altar, shapermc_ecumenical_altar_totnotflames,
          uniq_robin
D:3:      layout_rooms, serial_shops, shop, shop, nicolae_shop_crystal,
          uniq_jessica
D:4:      layout_basic, bloody_trog, minmay_temple_entry_slanted,
          chequers_serial_rivers_micro_a, eino_tiny_chamber, uniq_ijyb,
          uniq_natasha, uniq_blork_the_orc, uniq_eustachio

Skill      XL: |  1  2  3 |
---------------+----------+-----
Spellcasting   | 2 |  2.9
Fighting       | 1 2 |  2.2
Conjurations   | 4 |  4.4
Dodging        | |  1.7
Stealth        | |  1.7

Action                   |  1- 3 |  4- 6 || total
-------------------------+-------+-------++-------
Melee: Dagger            |    29 |    12 ||    41
       Punch             |       |     1 ||     1
 Cast: Magic Dart        |    76 |    35 ||   111
       Searing Ray       |     2 |     3 ||     5
Evoke: Wand              |       |     1 ||     1
  Use: Potion            |       |     2 ||     2
Armor: Robe              |     5 |     3 ||     8
Dodge: Dodged            |    32 |    22 ||    54

Table legend: (Time is in decaauts)
 A = Elapsed time spent in this place.
 B = Non-inter-level travel time spent in this place.
 C = Inter-level travel time spent in this place.
 D = Time resting spent in this place.
 E = Time spent auto-exploring this place.
 F = Levels seen in this place.
 G = Mean time per level.
                   A        B        C        D        E       F      G
               +--------+--------+--------+--------+--------+-----+--------+
         Total |   2936 |   2890 |     46 |    305 |   2165 |   4 |  734.0 |
       Dungeon |   2936 |   2890 |     46 |    305 |   2165 |   4 |  734.0 |
               +--------+--------+--------+--------+--------+-----+--------+

Top non-repeatable levels by time:
     D:2: 1211 daAuts
     D:1: 1176 daAuts
     D:3: 535 daAuts
     D:4: 12 daAuts
